 Dungeon Crawl Stone Soup version 0.19.5 (webtiles) character file.

70 tidbits the Bolt Thrower (level 4, 1/29 HPs)
             Began as a High Elf Wanderer on Aug 8, 2017.
             Quit the game on level 2 of the Dungeon.
             The game lasted 00:05:16 (585 turns).

tidbits the Bolt Thrower (High Elf Wanderer)         Turns: 585, Time: 00:05:17

Health: 1/29       AC:  5    Str:  9 (11) XL:     4   Next: 4%
Magic:  5/5        EV:  8    Int: 19 (21) God:
Gold:   31         SH:  7    Dex: 11 (14) Spells: 0 memorised, 3 levels left

rFire  . . .     SeeInvis .     a - +2 hand crossbow
rCold  . . .     Gourm    .     B - +0 ring mail
rNeg   . . .     Faith    .     D - +0 shield
rPois  .         Spirit   .     (no helmet)
rElec  .         Reflect  .     (no cloak)
rCorr  .         Harm     .     (no gloves)
MR     .....                    (no boots)
Stlth  +.........               (no amulet)
                                (no ring)
                                X - +4 ring of dexterity

@: lethally poisoned (1 -> -4)
A: no striking features
a: no special abilities


You were on level 2 of the Dungeon.
You were not hungry.

You visited 1 branch of the dungeon, and saw 3 of its levels.

You collected 31 gold pieces.

Inventory:

Hand Weapons
 a - a +2 hand crossbow (weapon)
 e - a +0 hand axe
   (You found it on level 1 of the Dungeon)
Missiles
 b - 9 bolts (quivered)
 i - 46 stones
Armour
 d - a +0 robe of fire resistance
   (You found it on level 1 of the Dungeon)
 B - a +0 ring mail (worn)
 D - a +0 shield (worn)
   (You took it off a goblin on level 1 of the Dungeon)
Jewellery
 X - a +4 ring of dexterity (left hand)
   (You found it on level 2 of the Dungeon)
Scrolls
 g - 2 scrolls of enchant weapon {unknown}
 j - 2 scrolls of immolation {unknown}
 o - 2 scrolls of fear {unknown}
Potions
 c - a potion of lignification
 m - a potion of magic
Comestibles
 f - a bread ration
 h - a slice of pizza
 l - a beef jerky


   Skills:
 - Level 2.1 Fighting
 - Level 4.0 Crossbows
 - Level 1.0 Throwing
 - Level 2.6 Armour
 - Level 2.0 Dodging
 - Level 1.1 Stealth
 + Level 2.0 Shields


You had 3 spell levels left.
You didn't know any spells.

Dungeon Overview and Level Annotations

Branches:
Dungeon (3/15)

Altars:


Message History

o - 2 scrolls labeled KICWAR LISTRUKK (gained 1)
You see here a trident.
There is a stone staircase leading up here.
Found 23 bolts.
b - 12 bolts (gained 1)
b - 13 bolts (gained 1)
Found a leather armour.
An orc priest comes into view. It is wielding a hand axe.
The orc priest shouts!
An orc comes into view. It is wielding a whip of venom.
The orc shouts!
The orc priest begins to cast a cantrip, but forgets the words!
You see here a bolt.
An orc comes into view. It is wielding a hand axe.
The orc shouts!
Found a stone staircase leading down.
An orc comes into view. It is wielding a flail.
Firing (i - inventory. (,) - cycle):
b - 13 bolts (quivered)
Press: ? - help, Shift-Dir - straight line, f - orc
Aim: an orc, wielding a whip of venom You shoot a bolt.
The bolt barely misses the orc priest.
The bolt barely misses the orc.
The orc shouts!
The orc falls through a shaft!
The shaft crumbles and collapses.
There is a stone staircase leading up here.
Firing (i - inventory. (,) - cycle):
b - 12 bolts (quivered)
Press: ? - help, Shift-Dir - straight line, f/p - orc
Aim: an orc, wielding a whip of venom You shoot a bolt.
The bolt hits the orc priest.
The orc priest is moderately wounded.
The orc priest hits you but does no damage.
You climb upwards.
There is a stone staircase leading down, spattered with blood here.
Things that are here:
a frilled lizard corpse; a jackal corpse Firing (i - inventory. (,) - cycle):
b - 11 bolts (quivered)
Press: ? - help, Shift-Dir - straight line, f - orc priest
Aim: an orc priest, wielding a hand axe and wearing a scale mail (moderately wounded)
You shoot a bolt. The bolt closely misses the orc priest.
The orc priest completely misses you.
Firing (i - inventory. (,) - cycle):
b - 10 bolts (quivered)
Press: ? - help, Shift-Dir - straight line, f/p - orc priest
Aim: an orc priest, wielding a hand axe and wearing a scale mail (moderately wounded)
You shoot a bolt. The bolt hits the orc priest.
The orc priest is severely wounded.
The orc priest calls down the wrath of Beogh upon you.
Pain shoots through your body!
* * * LOW HITPOINT WARNING * * *
You block the orc priest's attack.
Unknown command.
Firing (i - inventory. (,) - cycle):
b - 9 bolts (quivered)
Press: ? - help, Shift-Dir - straight line, f/p - orc priest
Aim: an orc priest, wielding a hand axe and wearing a scale mail (severely wounded)
You shoot a bolt. The bolt hits the orc priest!
You kill the orc priest!
Your Shields skill gained 2 levels and is now at level 2!
You have reached level 4!
b - 11 bolts (gained 3)
Items here: ) [ †† a hand axe; a scale mail; an orc corpse; a rat corpse You see here a bat corpse.
Items here: ) [ †† a hand axe; a scale mail; an orc corpse; a rat corpse
There is a stone staircase leading down, spattered with blood here.
Things that are here:
a frilled lizard corpse; a jackal corpse You climb downwards.
You block the orc's attack. The orc hits you with a hand axe.
* * * LOW HITPOINT WARNING * * *
You block the orc's attack.
There is a stone staircase leading up here.
Unknown command.
You block the orc's attack. The orc hits you but does no damage.
You are poisoned.
You climb upwards.
You feel sick.
There is a stone staircase leading down, spattered with blood here.
Things that are here:
a frilled lizard corpse; a jackal corpse Firing (i - inventory. (,) - cycle):
b - 11 bolts (quivered)
Press: ? - help, Shift-Dir - straight line, f - orc
Aim: an orc, wielding a whip of venom You shoot a bolt.
The bolt barely misses the orc.
You feel sick. The orc hits you with a hand axe.
* * * LOW HITPOINT WARNING * * *
The orc hits you but does no damage.
Firing (i - inventory. (,) - cycle):
b - 10 bolts (quivered)
Press: ? - help, Shift-Dir - straight line, f/p - orc
Aim: an orc, wielding a whip of venom You shoot a bolt.
The bolt closely misses the orc.
The orc hits you with a hand axe.
* * * LOW HITPOINT WARNING * * *
You block the orc's attack. x2
It was a potion of magic.
Magic courses through your body.
* * * LOW HITPOINT WARNING * * *
You feel sick. The orc completely misses you.
It was a potion of degeneration.
There was something very wrong with that liquid.
You feel weakened.
You feel dopey.
You feel clumsy. The orc barely misses you. You block the orc's attack.
Are you sure you want to abandon this character and quit the game? (Confirm with "yes".)

############
...........#######
.#########.......# .#
#######o# .# #@# .#
#o# .###### #†##
......# #.#.####
.####.########.###...#
.# #.#.....#.# ##..#
.# #.#.....##.###.#.#
.# #.......##..#..#.#
.## ###.....## #..##.#


You could see 2 orcs.

Vanquished Creatures
  An orc priest (D:2)
  An ooze (D:2)
  2 leopard geckos
  2 giant cockroaches
  2 hobgoblins (D:2)
  7 jackals
  2 quokkas (D:2)
  8 bats
  2 frilled lizards
  A goblin (D:1)
  5 rats
33 creatures vanquished.

Notes
Turn   | Place    | Note
-------+----------+-------------------------------------------
     0 | D:1      | tidbits the High Elf Wanderer began the quest for the Orb.
     0 | D:1      | tidbits set off with: a +2 hand crossbow, 24 bolts, a potion of lignification, a +0 ring mail, a bread ration
     0 | D:1      | Reached XP level 1. HP: 13/13 MP: 2/2
    98 | D:1      | Reached skill level 1 in Dodging
   101 | D:1      | Reached XP level 2. HP: 18/18 MP: 3/3
   181 | D:2      | Reached skill level 2 in Dodging
   384 | D:1      | Reached skill level 2 in Fighting
   423 | D:1      | Reached XP level 3. HP: 21/24 MP: 4/4
   571 | D:2      | Reached skill level 2 in Shields
   571 | D:2      | Reached XP level 4. HP: 14/29 MP: 5/5
   582 | D:2      | HP: 2/29 [orc/hand axe (6)]
   585 | D:2      | Quit the game

Skill      XL: |  1  2  3 |
---------------+----------+-----
Dodging        | 1 2 |  2.0
Fighting       | 2 |  2.1
Shields        | 2 |  2.0
Crossbows      | |  4.0
Throwing       | |  1.0
Armour         | |  2.6
Stealth        | |  1.1

Action                   |  1- 3 |  4- 6 || total
-------------------------+-------+-------++-------
 Fire: Hand crossbow     |    64 |     2 ||    66
  Use: Potion            |       |     2 ||     2
Armor: Ring mail         |    22 |     2 ||    24
Dodge: Dodged            |    24 |     2 ||    26
Block: Shield            |     9 |     6 ||    15

Table legend:
 A = Turns spent in this place as a percentage of turns spent in the entire game.
 B = Non-inter-level travel turns spent in this place as a percentage of non-inter-level travel turns spent in the entire game.
 C = Inter-level travel turns spent in this place as a percentage of turns spent in this place.
 D = Turns resting spent in this place as a percentage of non-inter-level travel turns spent in this place.
 E = Turns spent auto-exploring this place as a percentage of non-inter-level travel turns spent in this place.
 F = Non-inter-level travel turns spent in this place divided by the number of levels of this place that you've seen.
                   A       B       C       D       E      F
               +-------+-------+-------+-------+-------+----------------------
         Total | 100.0 | 100.0 |   0.0 |   0.0 |   0.0 | 164.7
       Dungeon | 100.0 | 100.0 |   0.0 |   0.0 |   0.0 | 164.7
               +-------+-------+-------+-------+-------+----------------------

Table legend:
 A = Kills in this place as a percentage of kills in entire the game.
 B = Kills by you in this place as a percentage of kills by you in the entire game.
 C = Kills by friends in this place as a percentage of kills by friends in the entire game.
 D = Other kills in this place as a percentage of other kills in the entire game.
 E = Experience gained in this place as a percentage of experience gained in the entire game.
 F = Experience gained in this place divided by the number of levels of this place that you have seen.
                   A       B       C       D       E      F
               +-------+-------+-------+-------+-------+----------------------
         Total | 100.0 | 100.0 |  -nan |  -nan | 100.0 |  33.7
       Dungeon | 100.0 | 100.0 |  -nan |  -nan | 100.0 |  33.7
               +-------+-------+-------+-------+-------+----------------------

Vault maps used:
D:1:      lemuel_arrival_muddy, minivault_24, lemuel_old_faithful
D:2:      minmay_wonky_spiral, kennysheep_ying_yang
D:3:      first_bread
